Unix NetHack Version 3.7.0-62 Work-in-progress - last build Aug 2 2022 03:41:51 (7b5264baa3a103fe80b1e9c1437dbfbb09ed79b6,branch:master). Game began 2022-08-02 13:55:12, ended 2022-08-03 08:39:35. spontiff, neutral male gnomish Healer G ..- .*.-- ......---- ..........| ..........f-- ... .....*....o@.| .... ........)...--- .<.- ..--......--- --- ------.---- --- Spontiff the Rhizotomist St:10 Dx:9 Co:17 In:10 Wi:15 Ch:16 Neutral S:250 Dlvl:6 $:1181 HP:0(21) Pw:6(8) AC:4 Xp:1/0 T:2508 Latest messages: The hobbit shoots a rock! You are hit by a rock. What do you want to zap? [S or ?*] S In what direction? h The sleep ray hits the hobbit. You hear some noises. The large cat eats a hobbit corpse. L - a green gem. What do you want to write with? [- kDEGKLSW or ?*] L You write in the dust with a green gem. What do you want to write in the dust here? Never mind. What do you want to call? [ceg-joqvADEG-ILST or ?*] L Call a green gem: g1 The large cat drops a sling. You see here a chest. The large cat drops a sling. You see here a chest. Hmmm, the chest turns out to be locked. You drop a scroll labeled ELAM EBOW. You drop a scroll called telephonation. You drop a scroll called telephonation. You drop a blessed spellbook of extra healing. You drop a blessed spellbook of stone to flesh. You drop a smoky potion. You drop a potion called fizzy 50z deli. You drop 4 uncursed potions of extra healing. The chest is locked. K - a crude dagger (weapon in hand). You have no secondary weapon readied. There is a locked chest here; force its lock? [ynq] (q) y You force your crude dagger into a crack and pry. You stop forcing the lock. There is a locked chest here; force its lock? [ynq] (q) q The large cat bites the gnome zombie. The gnome zombie misses the large cat. The gnome zombie hits! You fail to cast the spell correctly. The large cat bites the gnome zombie. The gnome zombie is destroyed! There is a locked chest here; force its lock? [ynq] (q) y You force your crude dagger into a crack and pry. The hobgoblin wields a curved sword! You stop forcing the lock. The large cat misses the hobgoblin. The hobgoblin swings his curved sword. The hobgoblin hits! You die... Do you want your possessions identified? [ynq] (y) y Do you want to see the dungeon overview? [ynq] (y) q Major events: Turn 1: spontiff the neutral male gnomish Healer entered the dungeon 2049: entered the Gnomish Mines 2508: killed by a hobgoblin Inventory: Weapons W - an uncursed +0 dart k - an uncursed +0 dagger K - an uncursed +1 orcish dagger (weapon in hand) Armor H - an uncursed +0 elven leather helm h - an uncursed +0 orcish helm (being worn) g - an uncursed +1 pair of leather gloves (being worn) v - an uncursed +0 pair of iron shoes (being worn) q - a blessed +1 dwarvish cloak (being worn) Comestibles y - 6 uncursed apples N - 3 uncursed cram rations n - 10 uncursed food rations p - 6 uncursed tripe rations Wands S - an uncursed wand of sleep (0:5) Tools z - an uncursed leash s - an uncursed stethoscope Gems/Stones E - an uncursed topaz stone L - an uncursed worthless piece of green glass D - an uncursed worthless piece of red glass G - an uncursed worthless piece of violet glass Spontiff the Healer's attributes: Background: You were a Rhizotomist, a level 1 male gnomish Healer. You were neutral, on a mission for Hermes who was opposed by Athena (lawful) and Poseidon (chaotic). You were in the Gnomish Mines, on level 6. You entered the dungeon 2508 turns ago. You had 0 experience points, 20 were needed to attain level 2. Your score was 250 before end-of-game adjustments. Basics: You had 0 out of 21 hit points. You had 6 out of 8 energy points (spell power). Your armor class was 4. Your wallet contained 1181 zorkmids. Autopickup was on for '$!/="?' plus thrown, with exceptions. Final Characteristics: Your strength was 10 (limit:18/50). Your dexterity was 9 (limit:18). Your constitution was 17 (limit:18). Your intelligence was 10 (limit:19). Your wisdom was 15 (limit:18). Your charisma was 16 (limit:18). Final Status: You were not hungry. You were unencumbered. You were wielding a dagger. You were unskilled in dagger. Final Attributes: You were devoutly aligned. You were poison resistant. You had infravision. You were warded. You are dead. Miscellaneous: You never encountered a bones level. Total elapsed playing time was 35 minutes and 24 seconds. Vanquished creatures: a dwarf a giant bat 2 iguanas a gas spore 2 hobbits a giant rat 2 cave spiders a red mold a gnome a gnome zombie 5 geckos 3 jackals a fox 5 goblins 16 grid bugs 4 lichens 2 kobold zombies 7 newts 56 creatures vanquished. No species were genocided or became extinct. Voluntary challenges: You never hit with a wielded weapon. You were a pacifist. You read items or engraved 2 times. You never engraved Elbereth. You never genocided any monsters. You never polymorphed an object. You never changed form. You used no wishes. Achievements: You entered a shop. You entered the Gnomish Mines. The Dungeons of Doom: levels 1 to 5 Level 1: Level 2: A delicatessen, a fountain. Level 3: Some fountains. Level 4: "magic trap; stashlet" Some fountains. Stairs down to The Gnomish Mines. Level 5: The Gnomish Mines: levels 5 to 6 Level 5: Level 6: <- You were here. Final resting place for you, killed by a hobgoblin. Game over: ---------- / \ / REST \ / IN \ / PEACE \ / \ | spontiff | | 1181 Au | | killed by a | | hobgoblin | | | | | | 2022 | *| * * * | * _________)/\\_//(\/(/\)/\//\/|_)_______ Goodbye spontiff the Healer... You died in The Gnomish Mines on dungeon level 6 with 250 points, and 1181 pieces of gold, after 2508 moves. You were level 1 with a maximum of 21 hit points when you died.